 Dungeon Crawl Stone Soup version 0.24-a0-201-gf205589 (webtiles) character file.

Game seed: 8366419607009116417

18 Inarius the Skirmisher (level 2, 0/24 HPs)
             Began as a Demonspawn Monk on Mar 21, 2019.
             Slain by a hobgoblin
             ... wielding a +0 club
              (4 damage)
             ... on level 2 of the Dungeon.
             The game lasted 00:01:31 (1033 turns).

Inarius the Skirmisher (Demonspawn Monk)            Turns: 1033, Time: 00:01:32

Health: 0/24       AC:  3    Str: 11    XL:     2   Next: 51%
Magic:  2/2        EV: 13    Int: 11    God:
Gold:   20         SH:  0    Dex: 15    Spells: 1/1 levels left

rFire    . . .     SeeInvis .   a - +0 hand axe
rCold    . . .     Gourm    .   (no shield)
rNeg     . . .     Faith    .   f - +0 leather armour
rPois    .         Spirit   .   (no helmet)
rElec    .         Reflect  .   (no cloak)
rCorr    .         Harm     .   (no gloves)
MR       .....                  (no boots)
Stlth    ++........             (no amulet)
HPRegen  0.08/turn              (no ring)
MPRegen  0.08/turn              (no ring)

@: no status effects
A: powered by pain 1
a: no special abilities


You were on level 2 of the Dungeon.
You were not hungry.

You visited 1 branch of the dungeon, and saw 2 of its levels.

You collected 20 gold pieces.

Inventory:

Hand Weapons
 a - a +0 hand axe (weapon)
Missiles
 d - 8 javelins (quivered)
 g - 3 tomahawks
Armour
 f - a +0 leather armour (worn)
Scrolls
 e - 2 scrolls of blinking {unknown}
 i - a scroll of random uselessness {unknown}
 l - a scroll of enchant weapon {unknown}
Potions
 h - 3 potions of curing {unknown}
 j - a potion of berserk rage {unknown}
 k - a potion of cancellation {unknown}
Comestibles
 c - 5 rations


   Skills:
 + Level 3.1 Fighting
 * Level 3.1 Axes
 - Level 3.0 Dodging
 + Level 1.8 Stealth


You had one spell level left.
You didn't know any spells.
Your spell library was empty.

Dungeon Overview and Level Annotations

Branches:
Dungeon (2/15)

Altars:
Fedhas


Innate Abilities, Weirdness & Mutations

You sometimes gain a little power by taking damage.


Message History

You barely miss the worm.
The worm is moderately wounded.
You hit the hobgoblin but do no damage. The hobgoblin hits you with a +0 club.
The worm closely misses you.
You barely miss the worm.
The worm is lightly wounded.
You hit the hobgoblin. The hobgoblin barely misses you. The worm bites you.
You are too injured to fight recklessly!
You barely miss the hobgoblin.
The hobgoblin is moderately wounded.
You barely miss the worm. The hobgoblin closely misses you.
You hit the hobgoblin but do no damage. You hit the worm.
The hobgoblin hits you but does no damage.
The worm closely misses you.
You barely miss the hobgoblin. You hit the worm.
The hobgoblin barely misses you. The worm bites you.
* * * LOW HITPOINT WARNING * * *
You hit the hobgoblin but do no damage. You hit the worm but do no damage.
The hobgoblin hits you with a +0 club.
You die...

............≈.≈≈.
.......<....≈≈_≈≈
.#######.....≈≈≈.
..........≈...≈
#######.#######
#.# ## #.# #.#
#.# ##w# #.###@#
#.##g## #.#.#...#
##.##..##
#.#..g.# ##
..#(.# ..#...#
#.#.#.# .#.#.#


You could see a worm and a hobgoblin.

Vanquished Creatures
  A dart slug (D:1)
  3 goblins (D:1)
  A hobgoblin (D:1)
  4 jackals (D:1)
  2 bats (D:1)
  A frilled lizard (D:1)
  2 kobolds (D:1)
  2 rats
16 creatures vanquished.

Notes
Turn   | Place    | Note
-------+----------+-------------------------------------------
     0 | D:1      | Inarius the Demonspawn Monk began the quest for the Orb.
     0 | D:1      | Reached XP level 1. HP: 18/18 MP: 1/1
   278 | D:1      | Gained mutation: You sometimes gain a little power by
                  | taking damage. [demonic ancestry]
   278 | D:1      | Reached XP level 2. HP: 19/24 MP: 2/2
  1005 | D:2      | Found a blossoming altar of Fedhas.
  1033 | D:2      | Slain by a hobgoblin

Levels and vault maps discovered:
D:1:      mrwooster_arrival_statue_2, layout_rooms, minmay_tetromino_s4
D:2:      wad_crossroads, layout_basic, overflow_temple_1_default,
          lemuel_round_altar, fedhas_altar_2

Skill      XL: |  1  2 |
---------------+-------+-----
Axes           | 3 |  3.1
Dodging        | 3 |  3.0
Fighting       | |  3.1
Stealth        | |  1.8

Action                   || total
-------------------------++-------
Melee: Hand axe          ||    65
Throw: Javelin           ||     1
 Stab: Sleeping          ||     2
Armor: Robe              ||    13
       Leather armour    ||     2
Dodge: Dodged            ||    65

Table legend:
 A = Non-vault XP
 B = Vault XP
 C = Vault XP percentage of total XP
 D = Non-vault monster count
 E = Vault monster count
 F = Vault count percentage of total count
                 A         B        C        D         E       F
            +---------+---------+-------+---------+---------+-------
      Total |      24 |       3 |  11.1 |      13 |       3 |  18.8
            +---------+---------+-------+---------+---------+-------
        D:1 |      24 |       2 |   7.7 |      13 |       2 |  13.3
        D:2 |       0 |       1 | 100.0 |       0 |       1 | 100.0
            +---------+---------+-------+---------+---------+-------
